Harfangs vs River Rats
(R1)
Created - 27 novembre 2014 at 22:45
Goals
|
| Harfangs |
0 |
2 |
3 |
5 |
| River Rats |
1 |
1 |
2 |
4 |
|
Shots
|
| Harfangs |
12 |
13 |
6 |
31 |
| River Rats |
11 |
8 |
14 |
33 |
|
1st period
1. River Rats , J.T. Brown 1 (Justin Schultz, Matt Jones) at 10:33
Penalties :
Pavel Valentenko (Alb) for Holding Stick (Minor) at 2:02
2nd period
2. Harfangs , Victor Bartley 3 (Dustin Jeffrey, Alexandre Picard) at 3:08
3. Harfangs , Stefan Ruzicka 19 (Chris Kreider, Petri Kontiola) at 6:06 (PP)
4. River Rats , Pierre-Cédric Labrie 5 (Jay Beagle, Jamie Arniel) at 17:24
Penalties :
Kellan Lain (Alb) for Interference (Minor) at 5:55, Chris Mcallister (Alb) for Interference (Minor) at 6:28
3rd period
5. River Rats , Matt Jones 2 (Pierre-Cédric Labrie, Justin Schultz) at 6:21
6. Harfangs , Roman Wick 2 (Peter Olvecky, Dustin Jeffrey) at 14:45
7. Harfangs , Alexandre Picard 2 (Alex Killorn) at 17:13
8. Harfangs , Stefan Ruzicka 20 (Peter Olvecky, James Wisniewski) at 19:29
9. River Rats , Damien Brunner 20 (Chris Mcallister, Peter Mueller) at 19:33
Penalties :
Alex Killorn (BEA) for Hooking (Minor) at 15:02
Goalie Stats
Darcy Kuemper (BEA), 29 saves from 33 shots - (0,879), W, 1-0-0, 60:00 minutes
Allen York (Alb), 26 saves from 31 shots - (0,839), L, 3-3-0, 60:00 minutes
Players Stats for Harfangs
Player Name G A P +/- PIM S H SB GA TA FO MP PP MP PK MP
------------------------------------------------------------------------------------
Alex Killorn 0 1 1 1 2 2 5 0 0 0 4/8 15:22 1:53 0:00
Alexandre Picard 1 1 2 2 0 2 0 1 0 1 0/0 22:09 1:49 1:19
Andrew Orpik 0 0 0 -2 0 0 0 0 1 0 0/0 13:16 0:00 0:00
Angelo Esposito 0 0 0 0 0 0 0 0 0 0 0/0 0:00 0:00 0:00
Brandon Pirri 0 0 0 0 0 0 0 0 0 0 0/0 0:16 0:00 0:16
Chris Kreider 0 1 1 -2 0 2 3 1 0 1 0/0 19:51 2:07 1:03
Craig Smith 0 0 0 0 0 0 0 0 0 1 2/3 12:11 0:09 0:00
Drew Shore 0 0 0 0 0 1 0 0 0 0 2/7 10:57 0:00 0:14
Dustin Jeffrey 0 2 2 0 0 3 1 0 1 0 0/0 10:57 0:00 0:14
James Wisniewski 0 1 1 0 0 0 4 3 0 1 0/0 24:35 2:20 0:40
Kyle Palmieri 0 0 0 0 0 1 0 0 0 0 0/0 10:43 0:00 0:00
Mark Giordano 0 0 0 1 0 6 2 2 1 1 0/0 25:52 2:20 1:19
Michal Repik 0 0 0 0 0 1 0 0 0 0 0/0 12:04 0:02 0:00
Peter Olvecky 0 2 2 2 0 4 2 0 0 1 0/1 16:39 1:55 0:17
Petri Kontiola 0 1 1 -1 0 1 2 1 0 0 12/23 20:59 2:14 1:06
Roman Wick 1 0 1 1 0 1 2 0 0 0 1/2 15:21 1:53 0:00
Sasha Pokulok 0 0 0 -2 0 0 2 1 0 0 0/0 13:56 0:00 0:40
Stefan Ruzicka 2 0 2 -1 0 4 1 0 1 0 0/0 19:51 2:14 0:00
Tomas Tatar 0 0 0 0 0 1 1 1 0 0 1/1 12:49 0:00 0:48
Victor Bartley 1 0 1 1 0 2 0 2 2 0 0/0 20:12 1:49 0:00
Players Stats for River Rats
Player Name G A P +/- PIM S H SB GA TA FO MP PP MP PK MP
------------------------------------------------------------------------------------
Andrej Meszaros 0 0 0 -3 0 2 0 0 0 1 0/0 24:10 0:49 2:39
Brett Maclean 0 0 0 0 0 1 3 0 1 0 0/0 15:47 1:11 0:51
Brian Dumoulin 0 0 0 1 0 0 0 0 0 0 0/0 12:36 0:00 0:00
Bryan Rodney 0 0 0 1 0 0 0 0 0 0 0/0 2:43 0:00 0:42
Chris Mcallister 0 1 1 -1 2 4 3 1 1 0 0/1 19:26 0:48 1:12
Damien Brunner 1 0 1 -1 0 3 1 0 0 0 1/1 18:21 0:56 0:00
J.T. Brown 1 0 1 0 0 3 3 1 1 0 0/0 9:36 0:00 0:00
Jamie Arniel 0 1 1 1 0 0 1 0 0 0 5/6 14:42 0:48 0:48
Jay Beagle 0 1 1 1 0 2 1 0 0 0 0/0 12:58 0:00 0:00
Justin Schultz 0 2 2 1 0 2 1 1 0 1 0/0 21:51 1:10 0:00
Kellan Lain 0 0 0 0 2 1 1 0 1 1 3/4 16:19 0:15 2:03
Louis Leblanc 0 0 0 0 0 0 2 0 0 1 2/8 10:53 0:00 1:15
Matt Jones 1 1 2 0 0 1 2 1 1 0 0/0 22:41 0:49 2:20
Michael Del Zotto 0 0 0 -1 0 1 0 1 0 1 0/0 17:31 1:10 1:49
Pavel Valentenko 0 0 0 1 2 2 1 0 0 0 0/0 18:16 0:00 0:48
Peter Mueller 0 1 1 -1 0 2 1 0 0 0 12/25 18:40 1:11 0:03
Pierre-Cédric Labrie 1 1 2 1 0 7 1 1 1 1 0/0 13:57 0:00 0:51
Steve Quailer 0 0 0 0 0 2 1 0 0 0 0/0 14:30 0:48 0:00
Taylor Beck 0 0 0 0 0 0 4 0 0 0 0/0 10:51 0:00 1:15
3 Stars
1 - Alexandre Picard (BEA)
2 - Pierre-Cédric Labrie (Alb)
3 - Stefan Ruzicka (BEA)
Power Play
Harfangs - 1 on 3 Attempt(s) - 33,33%
River Rats - 0 on 1 Attempt(s) - 0,00%
Penalty Kill
Harfangs - 1 on 1 Attempt(s) - 100,00%
- Score 0 goal in Penalty Kill
River Rats - 2 on 3 Attempt(s) - 66,67%
- Score 0 goal in Penalty Kill
Official
Referees : Dwyer Gord and O'Halloran Dan
Linesman : Shane Heyer and Darren Gibbs
Game Notes
No Game Note
Finance
Level 1 -- Attendance: 1481 (74,05%) -- Ticket Income 51 835 $
Level 2 -- Attendance: 757 (75,70%) -- Ticket Income 11 355 $
Total Attendance: 2238 (74,60%)
Total Ticket Income: 63 190 $
Other Income: 3 160 $
Total Income: 66 350 $
Harfangs
5 vs 5 Forward
Center Left Wing Right Wing Time % Phy DF OF
1 Petri Kontiola Chris Kreider Stefan Ruzicka 40 1 2 2
2 Alex Killorn Peter Olvecky Roman Wick 30 1 2 2
3 Craig Smith Tomas Tatar Michal Repik 20 1 2 2
4 Drew Shore Dustin Jeffrey Kyle Palmieri 10 1 2 2
5 vs 5 Defense
Defense Defense Time % Phy DF OF
1 Mark Giordano James Wisniewski 40 1 2 2
2 Alexandre Picard Victor Bartley 30 1 2 2
3 Andrew Orpik Sasha Pokulok 20 1 2 2
4 Mark Giordano James Wisniewski 10 1 2 2
PowerPlay Forward
Center Left Wing Right Wing Time % Phy DF OF
1 Petri Kontiola Chris Kreider Stefan Ruzicka 60 1 2 2
2 Alex Killorn Peter Olvecky Roman Wick 40 1 2 2
PowerPlay Defense
Defense Defense Time % Phy DF OF
1 Mark Giordano James Wisniewski 60 1 2 2
2 Alexandre Picard Victor Bartley 40 1 2 2
Penalty Kill 4 Players Forward
Center Wing Time % Phy DF OF
1 Petri Kontiola Chris Kreider 60 1 2 2
2 Drew Shore Dustin Jeffrey 40 1 2 2
Penalty Kill 4 Players Defense
Defense Defense Time % Phy DF OF
1 Mark Giordano Alexandre Picard 60 1 2 2
2 Sasha Pokulok James Wisniewski 40 1 2 2
Penalty Kill - 3 Players Forward
Forward Time % Phy DF OF
1 Petri Kontiola 60 1 2 2
2 Drew Shore 40 1 2 2
Penalty Kill - 3 Players Defense
Defense Defense Time % Phy DF OF
1 Mark Giordano Alexandre Picard 60 1 2 2
2 Sasha Pokulok James Wisniewski 40 1 2 2
4 vs 4 Forward
Center Wing Time % Phy DF OF
1 Stefan Ruzicka Petri Kontiola 60 1 2 2
2 Alex Killorn Peter Olvecky 40 1 2 2
4 vs 4 Defense
Defense Defense Time % Phy DF OF
1 Alexandre Picard Mark Giordano 60 1 2 2
2 Sasha Pokulok James Wisniewski 40 1 2 2
Last Minutes Offensive
Center Left Wing Right Wing Defense Defense
Petri Kontiola Chris Kreider Stefan Ruzicka Mark Giordano James Wisniewski
Last Minutes Defensive
Center Left Wing Right Wing Defense Defense
Petri Kontiola Peter Olvecky Stefan Ruzicka Mark Giordano Alexandre Picard
Goaltenders
Starting : Darcy Kuemper
Backup : Robin Lehner
Extra Forwards
Normal : Craig Smith, Michal Repik, Tomas Tatar - PP : Craig Smith, Michal Repik - PK : Tomas Tatar
Extra Defensemen
Normal : Mark Giordano, James Wisniewski, Alexandre Picard - PP : Victor Bartley - PK : Mark Giordano, Alexandre Picard
Penalty Shots
Stefan Ruzicka, Petri Kontiola, Alex Killorn, Chris Kreider, Craig Smith
River Rats
5 vs 5 Forward
Center Left Wing Right Wing Time % Phy DF OF
1 Peter Mueller Chris Mcallister Damien Brunner 40 1 2 2
2 Kellan Lain Brett Maclean Steve Quailer 30 1 2 2
3 Jamie Arniel Pierre-Cédric Labrie Jay Beagle 20 1 2 2
4 Louis Leblanc Taylor Beck J.T. Brown 10 0 3 2
5 vs 5 Defense
Defense Defense Time % Phy DF OF
1 Matt Jones Justin Schultz 40 1 2 2
2 Andrej Meszaros Michael Del Zotto 30 1 2 2
3 Brian Dumoulin Pavel Valentenko 20 1 2 2
4 Andrej Meszaros Pavel Valentenko 10 1 2 2
PowerPlay Forward
Center Left Wing Right Wing Time % Phy DF OF
1 Peter Mueller Brett Maclean Damien Brunner 60 1 2 2
2 Jamie Arniel Chris Mcallister Steve Quailer 40 1 2 2
PowerPlay Defense
Defense Defense Time % Phy DF OF
1 Justin Schultz Michael Del Zotto 60 1 2 2
2 Andrej Meszaros Matt Jones 40 1 2 2
Penalty Kill 4 Players Forward
Center Wing Time % Phy DF OF
1 Kellan Lain Chris Mcallister 60 1 2 2
2 Jamie Arniel Pierre-Cédric Labrie 40 1 2 2
Penalty Kill 4 Players Defense
Defense Defense Time % Phy DF OF
1 Andrej Meszaros Matt Jones 60 1 2 2
2 Pavel Valentenko Michael Del Zotto 40 1 2 2
Penalty Kill - 3 Players Forward
Forward Time % Phy DF OF
1 Chris Mcallister 60 1 2 2
2 Jamie Arniel 40 1 2 2
Penalty Kill - 3 Players Defense
Defense Defense Time % Phy DF OF
1 Andrej Meszaros Matt Jones 60 1 2 2
2 Andrej Meszaros Michael Del Zotto 40 1 2 2
4 vs 4 Forward
Center Wing Time % Phy DF OF
1 Jamie Arniel Chris Mcallister 60 1 2 2
2 Peter Mueller Damien Brunner 40 1 2 2
4 vs 4 Defense
Defense Defense Time % Phy DF OF
1 Justin Schultz Matt Jones 60 1 2 2
2 Andrej Meszaros Michael Del Zotto 40 1 2 2
Last Minutes Offensive
Center Left Wing Right Wing Defense Defense
Peter Mueller Chris Mcallister Damien Brunner Andrej Meszaros Justin Schultz
Last Minutes Defensive
Center Left Wing Right Wing Defense Defense
Peter Mueller Chris Mcallister Damien Brunner Andrej Meszaros Matt Jones
Goaltenders
Starting : Allen York
Backup : Braden Holtby
Extra Forwards
Normal : Kellan Lain, Chris Mcallister, Pierre-Cédric Labrie - PP : Kellan Lain, Jay Beagle - PK : Chris Mcallister
Extra Defensemen
Normal : Pavel Valentenko, Michael Del Zotto, Brian Dumoulin - PP : Brian Dumoulin - PK : Pavel Valentenko, Andrej Meszaros
Penalty Shots
Brett Maclean, Chris Mcallister, Damien Brunner, Peter Mueller, Pierre-Cédric Labrie
% Time on Ice - Harfangs
Lines # - Real PCT - Wanted PCT - Time Play
Normal Forward
1 - 32% - 40% - 16:41
2 - 25% - 30% - 13:29
3 - 23% - 20% - 12:01
4 - 20% - 10% - 10:43
Normal Defense
1 - 35% - 40% - 18:43
2 - 35% - 30% - 18:23
3 - 25% - 20% - 13:16
4 - 5% - 10% - 2:32
PP Forward
1 - 54% - 60% - 2:14
2 - 46% - 40% - 1:55
PP Defense
1 - 56% - 60% - 2:20
2 - 44% - 40% - 1:49
PK Forward
1 - 88% - 60% - 1:45
2 - 12% - 40% - 0:14
PK Defense
1 - 66% - 60% - 1:19
2 - 34% - 40% - 0:40
PK3 Forward
1 - 0% - 60%
2 - 0% - 40%
PK3 Defense
1 - 0% - 60%
2 - 0% - 40%
44 Forward
1 - 0% - 60%
2 - 0% - 40%
44 Defense
1 - 0% - 60%
2 - 0% - 40%
Last Minute Offensive - 0:00
Last Minute Defensive - 0:58
Total
Forward - 60:00
Defense - 60:00
|
% Time on Ice - River Rats
Lines # - Real PCT - Wanted PCT - Time Play
Normal Forward
1 - 31% - 40% - 16:29
2 - 26% - 30% - 13:50
3 - 25% - 20% - 12:58
4 - 18% - 10% - 9:36
Normal Defense
1 - 39% - 40% - 20:48
2 - 28% - 30% - 14:44
3 - 24% - 20% - 12:36
4 - 9% - 10% - 4:45
PP Forward
1 - 60% - 60% - 1:11
2 - 40% - 40% - 0:48
PP Defense
1 - 59% - 60% - 1:10
2 - 41% - 40% - 0:49
PK Forward
1 - 81% - 60% - 3:21
2 - 19% - 40% - 0:48
PK Defense
1 - 56% - 60% - 2:20
2 - 44% - 40% - 1:49
PK3 Forward
1 - 0% - 60%
2 - 0% - 40%
PK3 Defense
1 - 0% - 60%
2 - 0% - 40%
44 Forward
1 - 0% - 60%
2 - 0% - 40%
44 Defense
1 - 0% - 60%
2 - 0% - 40%
Last Minute Offensive - 0:59
Last Minute Defensive - 0:00
Total
Forward - 60:00
Defense - 60:00
|
Play by Play
1st period
0:01 of 1st period - Petri Kontiola wins face-off versus Peter Mueller in neutral zone.
0:05 of 1st period - Snap shot by Chris Kreider.
0:05 of 1st period - Shot Blocked by Justin Schultz.
0:25 of 1st period - Peter Olvecky is hit by Steve Quailer and loses puck.
0:49 of 1st period - Matt Jones is hit by Tomas Tatar and loses puck.
1:56 of 1st period - Snap shot by Alex Killorn.
1:56 of 1st period - Stopped by Allen York with a rebound.
2:02 of 1st period - Minor Penalty to Pavel Valentenko for Holding Stick.
2:03 of 1st period - Kellan Lain wins face-off versus Petri Kontiola in River Rats zone.
4:02 of 1st period - Penalty to Pavel Valentenko is over, Pavel Valentenko is back on ice.
4:09 of 1st period - Snap shot by Pierre-Cédric Labrie.
4:09 of 1st period - Stopped by Darcy Kuemper without a rebound.
4:10 of 1st period - Louis Leblanc wins face-off versus Drew Shore in Harfangs zone.
4:22 of 1st period - Snap shot by J.T. Brown.
4:22 of 1st period - Shot Misses the Net.
4:24 of 1st period - Slapshot by Brian Dumoulin.
4:24 of 1st period - Shot Blocked by Mark Giordano.
4:26 of 1st period - Slapshot by Pavel Valentenko.
4:26 of 1st period - Stopped by Darcy Kuemper with a rebound.
5:28 of 1st period - Drew Shore is hit by Chris Mcallister and loses puck.
5:49 of 1st period - Mark Giordano is hit by J.T. Brown and loses puck.
5:56 of 1st period - Slapshot by Justin Schultz.
5:56 of 1st period - Shot Misses the Net.
6:08 of 1st period - Slapshot by Peter Olvecky.
6:08 of 1st period - Shot Misses the Net.
7:09 of 1st period - Michal Repik is hit by J.T. Brown and loses puck.
7:26 of 1st period - Slapshot by Louis Leblanc.
7:26 of 1st period - Shot Misses the Net.
7:43 of 1st period - Icing by Steve Quailer.
7:44 of 1st period - Petri Kontiola wins face-off versus Jamie Arniel in River Rats zone.
7:53 of 1st period - Wrist shot by Petri Kontiola.
7:53 of 1st period - Stopped by Allen York with a rebound.
8:15 of 1st period - Snap shot by Jamie Arniel.
8:15 of 1st period - Shot Misses the Net.
8:27 of 1st period - Slapshot by Pierre-Cédric Labrie.
8:27 of 1st period - Shot Misses the Net.
8:29 of 1st period - Wrist shot by Jay Beagle.
8:29 of 1st period - Stopped by Darcy Kuemper with a rebound.
8:43 of 1st period - Snap shot by Pierre-Cédric Labrie.
8:43 of 1st period - Stopped by Darcy Kuemper with a rebound.
8:45 of 1st period - Snap shot by Pierre-Cédric Labrie.
8:45 of 1st period - Shot Misses the Net.
8:47 of 1st period - Snap shot by Pavel Valentenko.
8:47 of 1st period - Shot Blocked by Tomas Tatar.
8:49 of 1st period - Snap shot by Pierre-Cédric Labrie.
8:49 of 1st period - Shot Misses the Net.
8:53 of 1st period - Snap shot by Jamie Arniel.
8:53 of 1st period - Shot Misses the Net.
8:55 of 1st period - Slapshot by Pavel Valentenko.
8:55 of 1st period - Shot Misses the Net.
8:57 of 1st period - Slapshot by Jay Beagle.
8:57 of 1st period - Shot Blocked by Victor Bartley.
8:59 of 1st period - Snap shot by Pavel Valentenko.
8:59 of 1st period - Stopped by Darcy Kuemper without a rebound.
9:00 of 1st period - Peter Mueller wins face-off versus Petri Kontiola in Harfangs zone.
9:25 of 1st period - Roman Wick is hit by Brett Maclean and loses puck.
9:36 of 1st period - Slapshot by Brett Maclean.
9:36 of 1st period - Stopped by Darcy Kuemper with a rebound.
9:48 of 1st period - Slapshot by Mark Giordano.
9:48 of 1st period - Stopped by Allen York with a rebound.
9:50 of 1st period - Wrist shot by Mark Giordano.
9:50 of 1st period - Deflect By Andrej Meszaros.
9:50 of 1st period - Stopped by Allen York without a rebound.
9:51 of 1st period - Drew Shore wins face-off versus Louis Leblanc in River Rats zone.
10:33 of 1st period - Backhand shot by J.T. Brown.
10:33 of 1st period - Goal by J.T. Brown - Harfangs : 0 - River Rats : 1.
10:34 of 1st period - Peter Mueller wins face-off versus Petri Kontiola in neutral zone.
11:29 of 1st period - Slapshot by Mark Giordano.
11:29 of 1st period - Stopped by Allen York with a rebound.
11:41 of 1st period - Slapshot by Andrej Meszaros.
11:41 of 1st period - Shot Blocked by Mark Giordano.
11:49 of 1st period - Snap shot by James Wisniewski.
11:49 of 1st period - Shot Blocked by J.T. Brown.
11:51 of 1st period - Slapshot by Mark Giordano.
11:51 of 1st period - Stopped by Allen York without a rebound.
11:52 of 1st period - Petri Kontiola wins face-off versus Peter Mueller in River Rats zone.
13:42 of 1st period - Victor Bartley is hit by Taylor Beck and loses puck.
13:55 of 1st period - Slapshot by Victor Bartley.
13:55 of 1st period - Stopped by Allen York without a rebound.
13:56 of 1st period - Alex Killorn wins face-off versus Chris Mcallister in River Rats zone.
13:57 of 1st period - Snap shot by Peter Olvecky.
13:57 of 1st period - Shot Misses the Net.
14:01 of 1st period - Wrist shot by Alex Killorn.
14:01 of 1st period - Deflect By Peter Olvecky.
14:01 of 1st period - Shot Misses the Net.
14:01 of 1st period - Puck is out of play.
14:02 of 1st period - Alex Killorn wins face-off versus Peter Mueller in River Rats zone.
14:15 of 1st period - Snap shot by Peter Olvecky.
14:15 of 1st period - Stopped by Allen York without a rebound.
14:16 of 1st period - Petri Kontiola wins face-off versus Peter Mueller in River Rats zone.
14:41 of 1st period - James Wisniewski is hit by Brett Maclean.
14:47 of 1st period - Matt Jones is hit by Sasha Pokulok and loses puck.
15:06 of 1st period - Snap shot by Dustin Jeffrey.
15:06 of 1st period - Shot Misses the Net.
15:08 of 1st period - Slapshot by Mark Giordano.
15:08 of 1st period - Stopped by Allen York with a rebound.
15:47 of 1st period - Wrist shot by Peter Olvecky.
15:47 of 1st period - Shot Blocked by Chris Mcallister.
15:49 of 1st period - Slapshot by Mark Giordano.
15:49 of 1st period - Stopped by Allen York with a rebound.
15:55 of 1st period - Snap shot by Alex Killorn.
15:55 of 1st period - Stopped by Allen York without a rebound.
15:56 of 1st period - Alex Killorn wins face-off versus Kellan Lain in River Rats zone.
15:57 of 1st period - Snap shot by Peter Olvecky.
15:57 of 1st period - Stopped by Allen York with a rebound.
15:59 of 1st period - Snap shot by Peter Olvecky.
15:59 of 1st period - Shot Misses the Net.
17:14 of 1st period - Wrist shot by Tomas Tatar.
17:14 of 1st period - Shot Blocked by Matt Jones.
18:25 of 1st period - Snap shot by Brett Maclean.
18:25 of 1st period - Shot Blocked by Petri Kontiola.
18:27 of 1st period - Snap shot by Kellan Lain.
18:27 of 1st period - Stopped by Darcy Kuemper with a rebound.
18:29 of 1st period - Snap shot by Steve Quailer.
18:29 of 1st period - Stopped by Darcy Kuemper with a rebound.
18:31 of 1st period - Wrist shot by Steve Quailer.
18:31 of 1st period - Stopped by Darcy Kuemper with a rebound.
18:33 of 1st period - Wrist shot by Kellan Lain.
18:33 of 1st period - Shot Misses the Net.
19:05 of 1st period - Peter Olvecky is hit by Louis Leblanc and loses puck.
19:25 of 1st period - Off-side.
19:26 of 1st period - Jamie Arniel wins face-off versus Drew Shore in neutral zone.
19:31 of 1st period - Wrist shot by Andrej Meszaros.
19:31 of 1st period - Deflect By Mark Giordano.
19:31 of 1st period - Stopped by Darcy Kuemper with a rebound.
19:33 of 1st period - Backhand shot by Pierre-Cédric Labrie.
19:33 of 1st period - Shot Misses the Net.
19:35 of 1st period - Backhand shot by Andrej Meszaros.
19:35 of 1st period - Shot Misses the Net.
Goals for this period are 0 for Harfangs vs 1 for River Rats.
Shots for this period are 12 for Harfangs vs 11 for River Rats.
2nd period
0:01 of 2nd period - Petri Kontiola wins face-off versus Peter Mueller in neutral zone.
0:04 of 2nd period - Chris Mcallister is hit by Stefan Ruzicka and loses puck.
0:11 of 2nd period - Snap shot by Chris Mcallister.
0:11 of 2nd period - Stopped by Darcy Kuemper with a rebound.
0:15 of 2nd period - Wrist shot by Chris Mcallister.
0:15 of 2nd period - Stopped by Darcy Kuemper with a rebound.
0:57 of 2nd period - Snap shot by Craig Smith.
0:57 of 2nd period - Deflect By Michal Repik.
0:57 of 2nd period - Stopped by Allen York with a rebound.
1:15 of 2nd period - Backhand shot by Chris Mcallister.
1:15 of 2nd period - Stopped by Darcy Kuemper without a rebound.
1:16 of 2nd period - Peter Mueller wins face-off versus Drew Shore in Harfangs zone.
2:22 of 2nd period - Slapshot by Alexandre Picard.
2:22 of 2nd period - Stopped by Allen York with a rebound.
2:24 of 2nd period - Slapshot by Alexandre Picard.
2:24 of 2nd period - Shot Misses the Net.
2:26 of 2nd period - Slapshot by Alexandre Picard.
2:26 of 2nd period - Shot Blocked by Michael Del Zotto.
2:28 of 2nd period - Slapshot by Victor Bartley.
2:28 of 2nd period - Shot Misses the Net.
2:30 of 2nd period - Slapshot by Victor Bartley.
2:30 of 2nd period - Shot Misses the Net.
2:32 of 2nd period - Wrist shot by Drew Shore.
2:32 of 2nd period - Stopped by Allen York with a rebound.
2:34 of 2nd period - Slapshot by Drew Shore.
2:34 of 2nd period - Shot Misses the Net.
2:36 of 2nd period - Wrist shot by Victor Bartley.
2:36 of 2nd period - Shot Blocked by Pierre-Cédric Labrie.
3:02 of 2nd period - Wrist shot by Dustin Jeffrey.
3:02 of 2nd period - Stopped by Allen York with a rebound.
3:06 of 2nd period - Wrist shot by Dustin Jeffrey.
3:06 of 2nd period - Stopped by Allen York with a rebound.
3:08 of 2nd period - Backhand shot by Victor Bartley.
3:08 of 2nd period - Goal by Victor Bartley - Harfangs : 1 - River Rats : 1.
3:09 of 2nd period - Petri Kontiola wins face-off versus Peter Mueller in neutral zone.
3:16 of 2nd period - Mark Giordano is hit by Chris Mcallister and loses puck.
5:06 of 2nd period - Icing by Roman Wick.
5:07 of 2nd period - Alex Killorn wins face-off versus Louis Leblanc in Harfangs zone.
5:07 of 2nd period - Alex Killorn is hit by J.T. Brown.
5:17 of 2nd period - Slapshot by Justin Schultz.
5:17 of 2nd period - Shot Blocked by Victor Bartley.
5:19 of 2nd period - Snap shot by J.T. Brown.
5:19 of 2nd period - Stopped by Darcy Kuemper without a rebound.
5:20 of 2nd period - Peter Mueller wins face-off versus Petri Kontiola in Harfangs zone.
5:55 of 2nd period - Minor Penalty to Kellan Lain for Interference.
5:56 of 2nd period - Petri Kontiola wins face-off versus Louis Leblanc in River Rats zone.
6:02 of 2nd period - Snap shot by Chris Kreider.
6:02 of 2nd period - Stopped by Allen York with a rebound.
6:04 of 2nd period - Wrist shot by Chris Kreider.
6:04 of 2nd period - Stopped by Allen York with a rebound.
6:06 of 2nd period - Wrist shot by Stefan Ruzicka.
6:06 of 2nd period - Goal by Stefan Ruzicka - Harfangs : 2 - River Rats : 1.
6:07 of 2nd period - Peter Mueller wins face-off versus Petri Kontiola in neutral zone.
6:28 of 2nd period - Minor Penalty to Chris Mcallister for Interference.
6:29 of 2nd period - Kellan Lain wins face-off versus Petri Kontiola in River Rats zone.
7:50 of 2nd period - Petri Kontiola is hit by Brett Maclean and loses puck.
8:28 of 2nd period - Penalty to Chris Mcallister is over, Chris Mcallister is back on ice.
9:29 of 2nd period - Andrej Meszaros is hit by Petri Kontiola and loses puck.
10:04 of 2nd period - Brian Dumoulin is hit by James Wisniewski.
10:43 of 2nd period - Steve Quailer is hit by Peter Olvecky and loses puck.
11:12 of 2nd period - Damien Brunner is hit by James Wisniewski and loses puck.
12:48 of 2nd period - Pierre-Cédric Labrie is hit by Peter Olvecky and loses puck.
12:55 of 2nd period - Snap shot by Alex Killorn.
12:55 of 2nd period - Shot Misses the Net.
13:07 of 2nd period - Andrej Meszaros is hit by Petri Kontiola and loses puck.
14:21 of 2nd period - Jamie Arniel is hit by Dustin Jeffrey and loses puck.
14:33 of 2nd period - Andrew Orpik is hit by Matt Jones and loses puck.
15:07 of 2nd period - Tomas Tatar is hit by Taylor Beck and loses puck.
15:36 of 2nd period - Chris Mcallister is hit by James Wisniewski and loses puck.
16:21 of 2nd period - Slapshot by Peter Olvecky.
16:21 of 2nd period - Stopped by Allen York without a rebound.
16:22 of 2nd period - Craig Smith wins face-off versus Peter Mueller in River Rats zone.
16:29 of 2nd period - Snap shot by Tomas Tatar.
16:29 of 2nd period - Stopped by Allen York with a rebound.
16:53 of 2nd period - Kellan Lain is hit by Alex Killorn and loses puck.
17:18 of 2nd period - Slapshot by Jamie Arniel.
17:18 of 2nd period - Shot Blocked by James Wisniewski.
17:20 of 2nd period - Wrist shot by Pierre-Cédric Labrie.
17:20 of 2nd period - Shot Blocked by James Wisniewski.
17:22 of 2nd period - Snap shot by Jay Beagle.
17:22 of 2nd period - Stopped by Darcy Kuemper with a rebound.
17:24 of 2nd period - Snap shot by Pierre-Cédric Labrie.
17:24 of 2nd period - Goal by Pierre-Cédric Labrie - Harfangs : 2 - River Rats : 2.
17:25 of 2nd period - Petri Kontiola wins face-off versus Peter Mueller in neutral zone.
17:38 of 2nd period - Slapshot by Damien Brunner.
17:38 of 2nd period - Shot Misses the Net.
17:40 of 2nd period - Snap shot by Damien Brunner.
17:40 of 2nd period - Shot Misses the Net.
17:57 of 2nd period - Icing by Petri Kontiola.
17:58 of 2nd period - Peter Mueller wins face-off versus Petri Kontiola in Harfangs zone.
17:59 of 2nd period - Wrist shot by Damien Brunner.
17:59 of 2nd period - Stopped by Darcy Kuemper with a rebound.
18:11 of 2nd period - Snap shot by Damien Brunner.
18:11 of 2nd period - Deflect By Chris Mcallister.
18:11 of 2nd period - Stopped by Darcy Kuemper with a rebound.
19:09 of 2nd period - Snap shot by Dustin Jeffrey.
19:09 of 2nd period - Stopped by Allen York without a rebound.
19:10 of 2nd period - Kellan Lain wins face-off versus Drew Shore in River Rats zone.
19:10 of 2nd period - Kellan Lain is hit by Mark Giordano.
19:18 of 2nd period - Wrist shot by Kyle Palmieri.
19:18 of 2nd period - Stopped by Allen York with a rebound.
19:20 of 2nd period - Slapshot by Drew Shore.
19:20 of 2nd period - Deflect By Dustin Jeffrey.
19:20 of 2nd period - Shot Misses the Net.
19:20 of 2nd period - Puck is out of play.
19:21 of 2nd period - Petri Kontiola wins face-off versus Peter Mueller in River Rats zone.
Goals for this period are 2 for Harfangs vs 1 for River Rats.
Shots for this period are 13 for Harfangs vs 8 for River Rats.
3rd period
0:01 of 3rd period - Peter Mueller wins face-off versus Petri Kontiola in neutral zone.
0:26 of 3rd period - James Wisniewski is hit by Justin Schultz and loses puck.
1:09 of 3rd period - Chris Kreider is hit by Taylor Beck and loses puck.
1:51 of 3rd period - Brett Maclean is hit by Alex Killorn and loses puck.
2:10 of 3rd period - Snap shot by Jay Beagle.
2:10 of 3rd period - Shot Misses the Net.
2:12 of 3rd period - Wrist shot by Jamie Arniel.
2:12 of 3rd period - Shot Blocked by Sasha Pokulok.
2:16 of 3rd period - Snap shot by Pierre-Cédric Labrie.
2:16 of 3rd period - Stopped by Darcy Kuemper with a rebound.
2:23 of 3rd period - Icing by Sasha Pokulok.
2:24 of 3rd period - Craig Smith wins face-off versus Louis Leblanc in Harfangs zone.
3:02 of 3rd period - Sasha Pokulok is hit by Peter Mueller and loses puck.
3:15 of 3rd period - Wrist shot by Chris Kreider.
3:15 of 3rd period - Shot Misses the Net.
3:43 of 3rd period - Craig Smith is hit by Jay Beagle and loses puck.
3:55 of 3rd period - Off-side.
3:56 of 3rd period - Drew Shore wins face-off versus Louis Leblanc in neutral zone.
3:58 of 3rd period - Off-side.
3:59 of 3rd period - Louis Leblanc wins face-off versus Drew Shore in neutral zone.
4:08 of 3rd period - Backhand shot by Justin Schultz.
4:08 of 3rd period - Stopped by Darcy Kuemper with a rebound.
5:26 of 3rd period - Michael Del Zotto is hit by Roman Wick.
5:32 of 3rd period - Snap shot by Andrej Meszaros.
5:32 of 3rd period - Deflect By Taylor Beck.
5:32 of 3rd period - Shot Misses the Net.
5:32 of 3rd period - Puck is out of play.
5:33 of 3rd period - Peter Mueller wins face-off versus Craig Smith in Harfangs zone.
6:11 of 3rd period - Off-side.
6:12 of 3rd period - Jamie Arniel wins face-off versus Alex Killorn in neutral zone.
6:15 of 3rd period - Slapshot by Justin Schultz.
6:15 of 3rd period - Stopped by Darcy Kuemper with a rebound.
6:19 of 3rd period - Snap shot by Pierre-Cédric Labrie.
6:19 of 3rd period - Stopped by Darcy Kuemper with a rebound.
6:21 of 3rd period - Slapshot by Matt Jones.
6:21 of 3rd period - Goal by Matt Jones - Harfangs : 2 - River Rats : 3.
6:22 of 3rd period - Petri Kontiola wins face-off versus Peter Mueller in neutral zone.
6:47 of 3rd period - Justin Schultz is hit by Alex Killorn and loses puck.
6:52 of 3rd period - Backhand shot by Peter Olvecky.
6:52 of 3rd period - Shot Misses the Net.
6:54 of 3rd period - Slapshot by Alexandre Picard.
6:54 of 3rd period - Deflect By Peter Olvecky.
6:54 of 3rd period - Shot Misses the Net.
6:54 of 3rd period - Puck is out of play.
6:55 of 3rd period - Damien Brunner wins face-off versus Alex Killorn in River Rats zone.
6:55 of 3rd period - Damien Brunner is hit by Alex Killorn.
7:42 of 3rd period - Michal Repik is hit by Pierre-Cédric Labrie and loses puck.
7:47 of 3rd period - Snap shot by Andrej Meszaros.
7:47 of 3rd period - Deflect By Jay Beagle.
7:47 of 3rd period - Shot Blocked by James Wisniewski.
7:47 of 3rd period - Puck is out of play.
7:48 of 3rd period - Jamie Arniel wins face-off versus Roman Wick in Harfangs zone.
8:01 of 3rd period - Snap shot by Peter Olvecky.
8:01 of 3rd period - Shot Misses the Net.
8:03 of 3rd period - Slapshot by Mark Giordano.
8:03 of 3rd period - Deflect By Roman Wick.
8:03 of 3rd period - Shot Misses the Net.
8:03 of 3rd period - Puck is out of play.
8:04 of 3rd period - Peter Mueller wins face-off versus Petri Kontiola in River Rats zone.
8:11 of 3rd period - Chris Kreider is hit by Damien Brunner and loses puck.
8:49 of 3rd period - Off-side.
8:50 of 3rd period - Tomas Tatar wins face-off versus Louis Leblanc in neutral zone.
8:52 of 3rd period - Mark Giordano is hit by Louis Leblanc and loses puck.
8:59 of 3rd period - Tomas Tatar is hit by Taylor Beck and loses puck.
10:19 of 3rd period - Slapshot by Michael Del Zotto.
10:19 of 3rd period - Shot Misses the Net.
10:21 of 3rd period - Snap shot by Peter Mueller.
10:21 of 3rd period - Stopped by Darcy Kuemper with a rebound.
10:23 of 3rd period - Wrist shot by Damien Brunner.
10:23 of 3rd period - Stopped by Darcy Kuemper with a rebound.
10:51 of 3rd period - Kellan Lain is hit by Sasha Pokulok and loses puck.
11:09 of 3rd period - Justin Schultz is hit by Roman Wick and loses puck.
11:50 of 3rd period - Mark Giordano is hit by Chris Mcallister and loses puck.
12:11 of 3rd period - Steve Quailer is hit by Mark Giordano and loses puck.
12:20 of 3rd period - Mark Giordano is hit by Matt Jones.
12:29 of 3rd period - Brian Dumoulin is hit by James Wisniewski and loses puck.
12:47 of 3rd period - Andrew Orpik is hit by Kellan Lain and loses puck.
13:04 of 3rd period - Wrist shot by Stefan Ruzicka.
13:04 of 3rd period - Stopped by Allen York with a rebound.
13:10 of 3rd period - Pavel Valentenko is hit by Chris Kreider.
13:14 of 3rd period - Brian Dumoulin is hit by Chris Kreider and loses puck.
13:23 of 3rd period - Steve Quailer is hit by Chris Kreider and loses puck.
13:34 of 3rd period - Wrist shot by Brett Maclean.
13:34 of 3rd period - Shot Blocked by Chris Kreider.
13:36 of 3rd period - Slapshot by Michael Del Zotto.
13:36 of 3rd period - Stopped by Darcy Kuemper without a rebound.
13:37 of 3rd period - Peter Mueller wins face-off versus Alex Killorn in Harfangs zone.
13:45 of 3rd period - Wrist shot by Peter Mueller.
13:45 of 3rd period - Stopped by Darcy Kuemper with a rebound.
14:31 of 3rd period - Backhand shot by Matt Jones.
14:31 of 3rd period - Deflect By J.T. Brown.
14:31 of 3rd period - Stopped by Darcy Kuemper with a rebound.
14:45 of 3rd period - Wrist shot by Roman Wick.
14:45 of 3rd period - Goal by Roman Wick - Harfangs : 3 - River Rats : 3.
14:46 of 3rd period - Roman Wick wins face-off versus Peter Mueller in neutral zone.
15:02 of 3rd period - Minor Penalty to Alex Killorn for Hooking.
15:03 of 3rd period - Peter Mueller wins face-off versus Petri Kontiola in Harfangs zone.
15:09 of 3rd period - Slapshot by Damien Brunner.
15:09 of 3rd period - Shot Misses the Net.
15:17 of 3rd period - Slapshot by Damien Brunner.
15:17 of 3rd period - Shot Misses the Net.
15:19 of 3rd period - Snap shot by Michael Del Zotto.
15:19 of 3rd period - Shot Blocked by Alexandre Picard.
15:29 of 3rd period - Alexandre Picard is hit by Jamie Arniel and loses puck.
17:02 of 3rd period - Penalty to Alex Killorn is over, Alex Killorn is back on ice.
17:13 of 3rd period - Slapshot by Alexandre Picard.
17:13 of 3rd period - Goal by Alexandre Picard - Harfangs : 4 - River Rats : 3.
17:14 of 3rd period - Jamie Arniel wins face-off versus Peter Olvecky in neutral zone.
17:19 of 3rd period - Wrist shot by Pierre-Cédric Labrie.
17:19 of 3rd period - Stopped by Darcy Kuemper without a rebound.
17:20 of 3rd period - Jamie Arniel wins face-off versus Alex Killorn in Harfangs zone.
17:20 of 3rd period - Jamie Arniel is hit by Alex Killorn.
17:24 of 3rd period - Snap shot by Pierre-Cédric Labrie.
17:24 of 3rd period - Stopped by Darcy Kuemper with a rebound.
18:05 of 3rd period - Mark Giordano is hit by Pavel Valentenko and loses puck.
18:14 of 3rd period - Snap shot by Brett Maclean.
18:14 of 3rd period - Shot Misses the Net.
18:16 of 3rd period - Slapshot by Andrej Meszaros.
18:16 of 3rd period - Stopped by Darcy Kuemper with a rebound.
19:25 of 3rd period - Wrist shot by Peter Olvecky.
19:25 of 3rd period - Shot Misses the Net.
19:27 of 3rd period - Backhand shot by Stefan Ruzicka.
19:27 of 3rd period - Stopped by Allen York with a rebound.
19:29 of 3rd period - Snap shot by Stefan Ruzicka.
19:29 of 3rd period - Goal by Stefan Ruzicka - Harfangs : 5 - River Rats : 3.
19:30 of 3rd period - Peter Mueller wins face-off versus Petri Kontiola in neutral zone.
19:33 of 3rd period - Wrist shot by Damien Brunner.
19:33 of 3rd period - Goal by Damien Brunner - Harfangs : 5 - River Rats : 4.
19:34 of 3rd period - Petri Kontiola wins face-off versus Peter Mueller in neutral zone.
19:51 of 3rd period - Wrist shot by Peter Olvecky.
19:51 of 3rd period - Shot Misses the Net.
19:55 of 3rd period - Snap shot by Peter Olvecky.
19:55 of 3rd period - Stopped by Allen York without a rebound.
19:56 of 3rd period - Benoit Groulx call a timeout for River Rats.
19:56 of 3rd period - Petri Kontiola wins face-off versus Peter Mueller in River Rats zone.
Goals for this period are 3 for Harfangs vs 2 for River Rats.
Shots for this period are 6 for Harfangs vs 14 for River Rats.
Output by the SimonT Hockey Simulator (STHS) for François Prévost -- Original Page W3C XHTML 1.0 Valid